 Dungeon Crawl Stone Soup version 0.22-a0-570-g58866f5d57 (webtiles) character file.

128 Kholdaimon the Charmwright (level 5, 0/43 HPs)
             Began as a Gnoll Skald on June 30, 2018.
             Killed from afar by an orc wizard (10 damage)
             ... with a puff of flame
             ... on level 3 of the Dungeon.
             The game lasted 00:12:03 (2701 turns).

Kholdaimon the Charmwright (Gnoll Skald)            Turns: 2701, Time: 00:12:03

Health: 0/43       AC:  3    Str: 14    XL:     5   Next: 12%
Magic:  12/12      EV: 14    Int: 15    God:
Gold:   93         SH:  0    Dex: 15    Spells: 11/14 levels left

rFire    . . .     SeeInvis .   a - +0 falchion
rCold    . . .     Gourm    .   (no shield)
rNeg     . . .     Faith    .   b - +0 leather armour
rPois    .         Spirit   .   (no helmet)
rElec    .         Reflect  .   (no cloak)
rCorr    .         Harm     .   (no gloves)
MR       .....                  (no boots)
Stlth    ++........             (no amulet)
HPRegen  0.14/turn              (no ring)
MPRegen  0.13/turn              (no ring)

@: no status effects
A: distributed training, fangs 1, strong nose
a: no special abilities


You were on level 3 of the Dungeon.
You were not hungry.

You visited 1 branch of the dungeon, and saw 3 of its levels.

You collected 93 gold pieces.

Inventory:

Hand Weapons
 a - a +0 falchion (weapon)
 f - a cursed -3 mace
 i - a +0 hunting sling
 l - a +0 hunting sling
 q - a +2 flail of protection
 r - a +0 hunting sling
 t - a +0 falchion of protection
 u - a +2 mace of protection
Missiles
 e - 75 sling bullets
 g - 228 stones (quivered)
 n - 25 arrows
Armour
 b - a +0 leather armour (worn)
 c - a +0 ring mail
Jewellery
 h - an uncursed amulet of faith {unknown}
 j - a +3 amulet of reflection {unknown}
Scrolls
 k - 2 scrolls of identify {unknown}
 o - 2 scrolls of fog {unknown}
Potions
 m - a potion of degeneration {unknown}
 p - a potion of heal wounds {unknown}
Comestibles
 d - 4 rations
 s - 7 chunks of flesh


   Skills:
 + Level 4.7 Fighting
 + Level 1.3 Short Blades
 + Level 4.7 Long Blades
 + Level 1.3 Axes
 + Level 1.3 Maces & Flails
 + Level 1.3 Polearms
 + Level 1.3 Staves
 + Level 1.3 Slings
 + Level 1.3 Bows
 + Level 1.3 Crossbows
 + Level 1.3 Throwing
 + Level 2.9 Armour
 + Level 4.7 Dodging
 + Level 1.3 Stealth
 + Level 1.3 Shields
 + Level 1.3 Unarmed Combat
 + Level 5.1 Spellcasting
 + Level 1.1 Conjurations
 + Level 1.1 Hexes
 + Level 5.5 Charms
 + Level 1.1 Summonings
 + Level 1.1 Necromancy
 + Level 1.1 Translocations
 + Level 1.1 Transmutations
 + Level 1.1 Fire Magic
 + Level 1.1 Ice Magic
 + Level 1.1 Air Magic
 + Level 1.1 Earth Magic
 + Level 1.1 Poison Magic
 + Level 1.5 Invocations
 + Level 1.3 Evocations


You had 11 spell levels left.
You knew the following spells:

 Your Spells              Type           Power        Failure   Level  Hunger
a - Infusion              Chrm           ###.         1%          1    None
b - Shroud of Golubria    Chrm/Tloc      ##........   8%          2    ##.....

Your spell library contained the following spells:

 Spells                   Type           Power        Failure   Level  Hunger
 Regeneration             Chrm/Necr      ##........   16%         3    ###....
 Song of Slaying          Chrm           ###.....     3%          2    ##.....
 Spectral Weapon          Hex/Chrm       ##......     16%         3    ###....


Dungeon Overview and Level Annotations

Branches:
Dungeon (3/15)

Altars:
Kikubaaqudgha
Qazlal
Ru
Yredelemnul

Annotations:
D:2 2 transporters, Menkaure


Innate Abilities, Weirdness & Mutations

Your experience applies equally to all skills.
You have very sharp teeth.
Your uncanny sense of smell can sniff out nearby items.


Message History

You hit the orc wizard. Your bite misses the orc wizard.
The orc wizard is almost dead.
The orc wizard hits you but does no damage.
You miss the orc wizard.
The orc wizard is almost dead.
The orc wizard casts a spell.
The orc wizard flickers and vanishes!
Deactivating autopickup; reactivate with Ctrl-A.
You barely miss something. Your bite misses something.
Something hits you but does no damage.
You hit something but do no damage.
You hear some strange, mumbled words.
A puff of flame appears from out of thin air!
The puff of flame hits you!
* * * LOW HITPOINT WARNING * * *
You hit something but do no damage.
You hear some strange, mumbled words.
A puff of flame appears from out of thin air!
The puff of flame hits you!
You die...

#### #...# ##....... ..# #.≈.#
#........ ######.# ##...##
#.....†.. ####......####≈.≈.≈#
#........ ...............≈.≈.#
#........ #####.###.####.....#
#.#...... #.# #.# #÷.####
#.##...#.
###.###.####.##########.###.##.
###............{@....)........#
.
......##..####..#.#.#####.##.##
. ####..##..# #..#.#.# #.##.#
......##..####....... ......
..###..<)......##.#.## ##......
..######).....###.#.# ####.###
.... ..###.# #...# #.# ..# ..#
#. #..## #.# ..####.....


There were no monsters in sight!

Vanquished Creatures
  An orc wizard (D:3)
  2 adders
  An ooze (D:1)
  A worm (D:2)
  3 dart slugs
  6 orcs (D:3)
  8 bats
  2 giant cockroaches
  5 goblins
  7 hobgoblins
  8 jackals
  5 kobolds
  3 frilled lizards
  6 rats
58 creatures vanquished.

Notes
Turn   | Place    | Note
-------+----------+-------------------------------------------
     0 | D:1      | Kholdaimon the Gnoll Skald began the quest for the Orb.
     0 | D:1      | Reached XP level 1. HP: 20/20 MP: 6/6
   103 | D:1      | Reached XP level 2. HP: 17/26 MP: 7/7
   136 | D:1      | Learned a level 2 spell: Shroud of Golubria
   410 | D:1      | Reached XP level 3. HP: 28/31 MP: 9/9
   441 | D:1      | Reached skill level 5 in Spellcasting
  1023 | D:2      | Reached skill level 1 in Invocations
  1127 | D:2      | Found a stormy altar of Qazlal.
  1645 | D:2      | Noticed a necrophage
  1648 | D:2      | Reached skill level 1 in Short Blades
  1648 | D:2      | Reached skill level 1 in Axes
  1648 | D:2      | Reached skill level 1 in Maces & Flails
  1648 | D:2      | Reached skill level 1 in Polearms
  1648 | D:2      | Reached skill level 1 in Staves
  1648 | D:2      | Reached skill level 1 in Slings
  1648 | D:2      | Reached skill level 1 in Bows
  1648 | D:2      | Reached skill level 1 in Crossbows
  1648 | D:2      | Reached skill level 1 in Throwing
  1648 | D:2      | Reached skill level 1 in Stealth
  1648 | D:2      | Reached skill level 1 in Shields
  1648 | D:2      | Reached skill level 1 in Unarmed Combat
  1648 | D:2      | Reached skill level 1 in Evocations
  1657 | D:2      | Found an ancient bone altar of Kikubaaqudgha.
  1657 | D:2      | Noticed Menkaure
  1667 | D:2      | Found a transporter.
  1688 | D:2      | Found a transporter.
  1702 | D:2      | Found a basalt altar of Yredelemnul.
  1748 | D:2      | Reached XP level 4. HP: 38/38 MP: 11/11
  2522 | D:3      | Reached skill level 1 in Conjurations
  2522 | D:3      | Reached skill level 1 in Hexes
  2522 | D:3      | Reached skill level 1 in Summonings
  2522 | D:3      | Reached skill level 1 in Necromancy
  2522 | D:3      | Reached skill level 1 in Translocations
  2522 | D:3      | Reached skill level 1 in Transmutations
  2522 | D:3      | Reached skill level 1 in Fire Magic
  2522 | D:3      | Reached skill level 1 in Ice Magic
  2522 | D:3      | Reached skill level 1 in Air Magic
  2522 | D:3      | Reached skill level 1 in Earth Magic
  2522 | D:3      | Reached skill level 1 in Poison Magic
  2554 | D:3      | Found a sacrificial altar of Ru.
  2563 | D:3      | Reached XP level 5. HP: 29/43 MP: 12/12
  2701 | D:3      | Killed from afar by an orc wizard

Vault maps used:
D:1:      lemuel_arrival_broad_hall, minivault_4
D:2:      gammafunk_temple_of_torment, grunt_qazlal_sundering
D:3:      overflow_temple_1_default, nicolae_ru_path_of_blood,
          portal_sewer_entry_a, minmay_bisected, uniq_ijyb

Skill      XL: |  1  2  3  4 |
---------------+-------------+-----
Spellcasting   | 5 |  5.1
Invocations    | 1 |  1.5
Short Blades   | 1 |  1.3
Axes           | 1 |  1.3
Maces & Flails | 1 |  1.3
Polearms       | 1 |  1.3
Staves         | 1 |  1.3
Slings         | 1 |  1.3
Bows           | 1 |  1.3
Crossbows      | 1 |  1.3
Throwing       | 1 |  1.3
Stealth        | 1 |  1.3
Shields        | 1 |  1.3
Unarmed Combat | 1 |  1.3
Evocations     | 1 |  1.3
Conjurations   | 1 |  1.1
Hexes          | 1 |  1.1
Summonings     | 1 |  1.1
Necromancy     | 1 |  1.1
Translocations | 1 |  1.1
Transmutations | 1 |  1.1
Fire Magic     | 1 |  1.1
Ice Magic      | 1 |  1.1
Air Magic      | 1 |  1.1
Earth Magic    | 1 |  1.1
Poison Magic   | 1 |  1.1
Fighting       | |  4.7
Long Blades    | |  4.7
Armour         | |  2.9
Dodging        | |  4.7
Charms         | |  5.5

Action                   |  1- 3 |  4- 6 || total
-------------------------+-------+-------++-------
Melee: Falchion          |    98 |    97 ||   195
       Bite              |    15 |    17 ||    32
       Punch             |     1 |       ||     1
Throw: Stone             |       |     3 ||     3
 Stab: Sleeping          |     1 |     1 ||     2
  Eat: Chunk             |     3 |     3 ||     6
Armor: Leather armour    |    21 |    13 ||    34
Dodge: Dodged            |    88 |    75 ||   163
       Rpst.: Falchion   |    27 |    25 ||    52

Table legend:
 A = Spawn XP
 B = Non-spawn XP
 C = Spawn XP percentage of total XP
 D = Spawn monster count
 E = Non-spawn monster count
 F = Spawn count percentage of total count
 G = Total turns spent on level
                    A         B        C        D         E        F      G
               +---------+---------+-------+---------+---------+-------+---------
         Total |       0 |     184 |   0.0 |       0 |      58 |   0.0 |  2701
               +---------+---------+-------+---------+---------+-------+---------
           D:1 |       0 |      54 |   0.0 |       0 |      26 |   0.0 |  1056
           D:2 |       0 |      41 |   0.0 |       0 |      16 |   0.0 |  1401
           D:3 |       0 |      89 |   0.0 |       0 |      16 |   0.0 |   244
               +---------+---------+-------+---------+---------+-------+---------
